 Dungeon Crawl Stone Soup version 0.29-a0-542-g075992c915 (webtiles) character file.

Game seed: 5014837175740853669

2111 Bruhh the Grappler (level 9, -4/89 (91) HPs)
             Began as a Troll Gladiator on June 3, 2022.
             Slain by a wight
             ... wielding a +5 halberd
              (18 damage)
             ... on level 7 of the Dungeon.
             The game lasted 00:06:10 (5163 turns).

Bruhh the Grappler (Troll Gladiator)                Turns: 5163, Time: 00:06:10

HP:   -4/89 (91)    AC:  7    Str: 28    XL:     9   Next: 8%
MP:   8/8           EV: 10    Int:  4    God:
Gold: 409           SH:  0    Dex: 11    Spells: 8/8 levels left

rFire   + . .      SeeInvis .     - Unarmed
rCold   + . .      Faith    .   (no shield)
rNeg    . . .      Spirit   .   J - +0 steam dragon scales
rPois   +          Reflect  .   b - +0 hat
rElec   +          Harm     .   I - scarf {+Inv}
rCorr   +          Rampage  .   (gloves unavailable)
Will    .....                   (boots unavailable)
Stlth   +.........              (no amulet)
HPRegen 1.04/turn               v - ring of resist corrosion
MPRegen 0.11/turn               (no ring)

@: brilliant, resistant, lightly drained
A: large, unfitting armour, claws 3, regeneration 1, shaggy fur 1, tough skin 1
a: Evoke Invisibility


You were on level 7 of the Dungeon.
You visited 1 branch of the dungeon, and saw 7 of its levels.
You also visited: Sewer.

You collected 409 gold pieces.

Inventory:

Hand Weapons
 D - the +1 dagger of Ipimpoets {pain, rPois rCorr}
   (You found it on level 4 of the Dungeon)

   In the hands of one skilled in necromantic magic, it inflicts extra damage on
   living creatures.
   rPois:     It protects you from poison.
   rCorr:     It protects you from acid and corrosion.
Missiles
 c - 3 throwing nets (quivered)
 d - a large rock
 y - 16 poisoned darts
Armour
 a - a +0 robe
 b - a +0 hat (worn)
 u - a +2 robe of positive energy
 I - a scarf of invisibility (worn)
 J - +0 steam dragon scales (worn)
Jewellery
 e - a ring of ice
 v - a ring of resist corrosion (left claw)
Wands
 E - a wand of flame (17)
 K - a wand of iceblast (9)
Scrolls
 i - 2 scrolls of immolation {unknown}
 j - 3 scrolls of fog {unknown}
 m - 7 scrolls of identify {unknown}
 n - 2 scrolls of teleportation {unknown}
 o - 4 scrolls of noise {unknown}
 p - 3 scrolls of enchant weapon {unknown}
 q - a scroll of summoning {unknown}
 r - 2 scrolls of poison {unknown}
 w - a scroll of silence {unknown}
 B - 4 scrolls of enchant armour {unknown}
 C - a scroll of magic mapping {unknown}
 F - a scroll of amnesia {unknown}
 H - a scroll of blinking {unknown}
Potions
 f - 2 potions of resistance
 g - a potion of attraction {unknown}
 h - 2 potions of lignification {unknown}
 k - 4 potions of curing {unknown}
 l - 4 potions of berserk rage
 s - 2 potions of might {unknown}
 t - 2 potions of mutation {unknown}
 x - 2 potions of flight {unknown}
 z - a potion of heal wounds {unknown}
 A - 4 potions of brilliance
 G - 3 potions of degeneration {unknown}
 L - a potion of cancellation {unknown}


   Skills:
 + Level 6.3 Fighting
 - Level 1.7 Throwing
 - Level 2.4 Dodging
 - Level 10.0 Unarmed Combat


You had 8 spell levels left.
You didn't know any spells.
Your spell library contained the following spells:

 Spells                   Type           Power      Damage    Failure   Level
 Magic Dart               Conj           0%         1d3       50%         1
 Searing Ray              Conj           0%         2d4       65%         2
 Call Canine Familiar     Summ           0%         N/A       86%         3
 Ignite Poison            Fire/Tmut/Pois 0%         N/A       86%         3
 Mephitic Cloud           Conj/Pois/Air  0%         N/A       86%         3
 Portal Projectile        Hex/Tloc       0%         N/A       86%         3
 Summon Guardian Golem    Hex/Summ       0%         N/A       86%         3
 Tukima's Dance           Hex            0%         N/A       86%         3
 Fulminant Prism          Conj/Hex       0%         3d6       99%         4
 Leda's Liquefaction      Hex/Erth       0%         N/A       99%         4
 Blade Hands              Tmut           0%         N/A       100%        5
 Freezing Cloud           Conj/Ice/Air   0%         6-21      100%        5
 Orb of Destruction       Conj           0%         9d5       100%        7
 Spellforged Servitor     Conj/Summ      0%         N/A       100%        7


Dungeon Overview and Level Annotations

Branches:
Dungeon (7/15)              Sewer (visited)
 Temple: D:4-7

Altars:
Gozag
Sif Muna

Shops:
D:4 !   D:7 [

Annotations:
D:3 3 runed translucent doors, FIQ's ghost, amateur DjCj


Innate Abilities, Weirdness & Mutations

You are too large for most types of armour.
You have claws for hands.
Your natural rate of healing is unusually fast.
You are covered in fur. (AC +1)
You have tough skin. (AC +1)


Message History

The orc warrior hits you with a +0 glaive!
It was a potion of brilliance.
You feel clever all of a sudden. The orc wizard closely misses you.
The orc warrior hits you but does no damage.
You bump into the stone wall.
The orc wizard misses you.
The orc warrior hits you with a +0 glaive.
A sky beast comes into view.
The orc wizard misses you. The wight barely misses you.
The orc warrior barely misses you.
You miss the orc warrior.
The orc warrior is heavily wounded.
The orc warrior attacks as you move away!
The orc warrior hits you with a +0 glaive!
The orc warrior hits you from afar with a +0 glaive!
You see here a black potion.
You bump into the stone wall.
You feel less confused.
The orc wizard hits you with a +0 dagger.
The wight hits you from afar with a +5 halberd.
You feel drained.
The orc warrior hits you from afar with a +0 glaive!
* * * LOW HITPOINT WARNING * * *
The orc wizard hits you but does no damage.
The orc warrior hits you from afar with a +0 glaive.
* * * LOW HITPOINT WARNING * * *
The wight hits you from afar with a +5 halberd.
* * * LOW HITPOINT WARNING * * *
You feel drained.
The orc wizard attacks as you move away!
The orc wizard barely misses you.
The hound stops to sniff the ground.
The orc wizard points at you and mumbles some strange words.
The puff of flame hits you. You resist.
* * * LOW HITPOINT WARNING * * *
The orc wizard casts a spell at you. The puff of flame hits you. You resist.
* * * LOW HITPOINT WARNING * * *
The wight hits you from afar with a +5 halberd!!
You die...

# ######## ###
#......# ### ..#
#.####.# #..
#.######.## #.# #.#
..........# #.# #.#
.∩######..# #.# #.#
..#
#..###.####.#######
###
#........@........#
.....###.##...####.
####.# #.##.zo#.# #
.# #.#..#ho!# ## .#
#...###Y.# .#
#..##....# .+
....##..#.# .#
###..##_#... ## ##
#. #.##


You could see an orc warrior, a sky beast, a hound, a wight and an orc wizard.

Vanquished Creatures
  Grinder (D:4)
  Eustachio (D:5)
  A steam dragon (D:6)
  Menkaure (D:6)
  A water moccasin (Sewer)
  A centaur (D:6)
  A phantom (D:5)
  A bullfrog (D:6)
  2 necrophages
  4 scorpions
  3 hounds
  2 jellies
  4 orc priests
  A gnoll shaman (D:6)
  Jessica (D:2)
  6 iguanas
  2 orc wizards (D:5)
  Robin (D:2)
  4 gnolls (D:6)
  5 adders
  2 shadow imps
  3 white imps
  2 ufetubi
  3 worms
  4 dart slugs
  30 orcs
  6 ball pythons
  10 bats
  10 endoplasms
  6 giant cockroaches
  18 goblins
  11 hobgoblins
  5 jackals
  7 kobolds
  8 quokkas
  A frilled lizard (D:2)
  8 rats
177 creatures vanquished.

Notes
Turn   | Place    | Note
-------+----------+-------------------------------------------
     0 | D:1      | Bruhh the Troll Gladiator began the quest for the Orb.
     0 | D:1      | Reached XP level 1. HP: 19/19 MP: 0/0
    70 | D:1      | Reached XP level 2. HP: 27/27 MP: 1/1
   202 | D:1      | Reached skill level 4 in Unarmed Combat
   556 | D:1      | Reached XP level 3. HP: 32/33 MP: 2/2
  1282 | D:2      | Noticed Jessica
  1289 | D:2      | Killed Jessica
  1290 | D:2      | Reached skill level 5 in Unarmed Combat
  1290 | D:2      | Reached XP level 4. HP: 39/41 MP: 3/3
  1325 | D:2      | Noticed Robin
  1337 | D:2      | Killed Robin
  1770 | D:3      | Noticed FIQ's ghost (amateur DjCj)
  1798 | D:3      | Found a runed translucent gate.
  1799 | D:3      | Found a runed translucent gate.
  1800 | D:3      | Found a runed translucent gate.
  1808 | D:3      | Reached XP level 5. HP: 43/48 MP: 4/4
  1847 | D:3      | Found a shimmering blue altar of Sif Muna.
  1858 | D:3      | Reached skill level 6 in Unarmed Combat
  2428 | D:4      | Noticed Grinder
  2440 | D:4      | Paralysed by Grinder for 3 turns
  2449 | D:4      | Paralysed by Grinder for 2 turns
  2452 | D:4      | Killed Grinder
  2453 | D:4      | Reached skill level 7 in Unarmed Combat
  2453 | D:4      | Reached XP level 6. HP: 34/55 MP: 5/5
  2677 | D:4      | Reached skill level 8 in Unarmed Combat
  2711 | D:4      | Found Cycaxaha's Distillery.
  2728 | D:4      | Reached XP level 7. HP: 56/62 MP: 6/6
  2922 | D:4      | Identified the +1 dagger of Ipimpoets {pain, rPois rCorr}
  3401 | D:5      | Entered Level 5 of the Dungeon
  3440 | D:5      | Reached skill level 9 in Unarmed Combat
  3631 | D:5      | Found a glowing drain.
  3635 | Sewer    | Entered a sewer
  3669 | Sewer    | Reached skill level 10 in Unarmed Combat
  3669 | Sewer    | Reached XP level 8. HP: 24/71 MP: 7/7
  3957 | D:5      | Noticed Eustachio
  3963 | D:5      | Killed Eustachio
  4088 | D:5      | Found an opulent altar of Gozag.
  4401 | D:6      | Reached skill level 5 in Fighting
  4490 | D:6      | Noticed Menkaure
  4495 | D:6      | Killed Menkaure
  4639 | D:6      | Reached XP level 9. HP: 89/89 MP: 8/8
  5109 | D:7      | Found Yvvyxtah's Antique Armour Emporium.
  5144 | D:7      | Found a shimmering blue altar of Sif Muna.
  5163 | D:7      | Slain by a wight

Illustrated notes

Levels and vault maps discovered:
D:1:      dpeg_arrival_simpleton_b, layout_basic
D:2:      layout_loops_corners, kennysheep_jessica_study, uniq_robin
D:3:      layout_rooms, lemuel_round_altar, gammafunk_ghost_split,
          minmay_tree_intersection, minmay_liquid_box, feat_on_display
D:4:      layout_basic, serial_shops, nicolae_shop_window_shopping, uniq_grinder
D:5:      layout_basic, nicolae_gozag_cash_rules_everything_around_me,
          gup_sewer_entry_spiral, uniq_eustachio
D:6:      layout_loops_ring, nicolae_concentric_dashed_squares_wild,
          uniq_menkaure
D:7:      layout_loops_corners, mainiacjoe_overflow_small_starburst,
          minmay_temple_entry_slanted, serial_shops, shop, minmay_ruined_shrine

Skill      XL: |  1  2  3  4  5  6  7  8 |
---------------+-------------------------+-----
Unarmed Combat | 4 5 7 8 10 | 10.0
Fighting       | 6 |  6.3
Throwing       | |  1.7
Dodging        | |  2.4

Action                   |  1- 3 |  4- 6 |  7- 9 || total
-------------------------+-------+-------+-------++-------
Melee: Unarmed           |   110 |   126 |   192 ||   428
       Punch             |     5 |     1 |     6 ||    12
Throw: Throwing net      |       |       |     2 ||     2
  Use: Potion            |       |       |     2 ||     2
 Stab: Sleeping          |     2 |       |     2 ||     4
Armor: Robe              |    38 |    34 |    37 ||   109
       Steam dragon scal |       |       |    16 ||    16
Dodge: Dodged            |    65 |    47 |    77 ||   189

Table legend: (Time is in decaauts)
 A = Elapsed time spent in this place.
 B = Non-inter-level travel time spent in this place.
 C = Inter-level travel time spent in this place.
 D = Time resting spent in this place.
 E = Time spent auto-exploring this place.
 F = Levels seen in this place.
 G = Mean time per level.
                   A        B        C        D        E       F      G
               +--------+--------+--------+--------+--------+-----+--------+
         Total |   5146 |   4940 |    206 |    160 |   3693 |   8 |  643.2 |
       Dungeon |   4887 |   4681 |    206 |      0 |   3669 |   7 |  698.1 |
         Sewer |    258 |    258 |      0 |    160 |     24 |   1 |  258.0 |
               +--------+--------+--------+--------+--------+-----+--------+

Top non-repeatable levels by time:
     D:4: 1005 daAuts
     D:2: 989 daAuts
     D:1: 762 daAuts
     D:6: 721 daAuts
     D:5: 627 daAuts
     D:3: 616 daAuts
   Sewer: 258 daAuts
     D:7: 165 daAuts
